 Dungeon Crawl Stone Soup version 0.31-a0-180-g519b7de00c (webtiles) character file.

Game seed: 9353891532666067474

15666 frimble the Martial Artist (level 12, -4/85 HPs)
             Began as an Octopode Warper on June 20, 2023.
             Was a Priest of Cheibriados.
             Slain by a yak (14 damage)
             ... on level 11 of the Dungeon.
             The game lasted 00:24:07 (13122 turns).

frimble the Martial Artist (Octopode Warper)       Turns: 13122, Time: 00:24:08

Health: -4/85      AC:  1    Str: 20    XL:     12   Next: 29%
Magic:  15/16      EV: 16    Int: 26    God:    Cheibriados [***...]
Gold:   520        SH: 16    Dex: 20    Spells: 13/15 levels left

rFire   . .          .
                       - Unarmed
rCold   + . .        x - +0 kite shield
rNeg    . . .        (helmet restricted)
rPois   +            v - amulet of reflection
rElec   .            o - ring of poison resistance
rCorr   .            a - ring of protection from cold
SInv    .            (no ring)
Will    .....        (no ring)
Stlth   +++++        (no ring)
HPRegen 0.34/turn    (no ring)
MPRegen 0.15/turn    (no ring)
                     (no ring)

%: reflection
@: about to teleport, studying Hexes, very slow
A: almost no armour, amphibious, 8 rings, camouflage 1, gelatinous body 1,
(nimble swimmer 1), tentacles
a: Renounce Religion, Bend Time, Temporal Distortion


You were on level 11 of the Dungeon.
You worshipped Cheibriados.
Cheibriados was most pleased with you.
You visited 2 branches of the dungeon, and saw 12 of its levels.

You collected 619 gold pieces.
You spent 99 gold pieces at shops.

Inventory:

Missiles
 b - 7 boomerangs of dispersal
 n - 11 boomerangs (quivered)
Armour
 x - a +0 kite shield (worn)
Jewellery
 a - a ring of protection from cold (right tentacle)
 o - a ring of poison resistance (left tentacle)
 p - a ring of ice
 u - an amulet of magic regeneration
 v - an amulet of reflection (around mantle)
Wands
 j - a wand of flame (11)
 r - a wand of quicksilver (4)
 t - a wand of iceblast (14)
 y - a wand of charming (3)
Scrolls
 c - a scroll of identify
 i - 7 scrolls of teleportation
 A - a scroll of butterflies
Potions
 d - 2 potions of mutation
 e - a potion of haste
 f - 2 potions of curing
 g - 3 potions of enlightenment
 h - 4 potions of brilliance
 k - a potion of might {unknown}
 l - 3 potions of ambrosia {unknown}
 m - a potion of resistance {unknown}
 q - 3 potions of degeneration {unknown}
 s - 2 potions of invisibility {unknown}
 w - 3 potions of lignification {unknown}


   Skills:
 - Level 9.0 Fighting
 - Level 1.4 Throwing
 - Level 7.3 Dodging
 - Level 7.0 Stealth
 + Level 5.3 Shields
 + Level 11.1 Unarmed Combat
 - Level 2.2 Spellcasting
 + Level 6.7 Translocations
 + Level 6.1 Invocations
 - Level 5.1 Evocations


You had 13 spell levels left.
You knew the following spells:

 Your Spells              Type           Power      Damage    Failure   Level
a - Blink                 Tloc           76%        N/A       2%          2

Your spell library contained the following spells:

 Spells                   Type           Power      Damage    Failure   Level
 Lesser Beckoning         Tloc           76%        N/A       2%          2
 Teleport Other           Tloc           38%        N/A       4%          3
 Manifold Assault         Tloc           38%        N/A       14%         4
 Vhi's Electric Charge    Tloc/Air       40%        N/A       17%         3
 Magic Dart               Conj           8%         1d3       24%         1
 Call Imp                 Summ           4%         N/A       34%         2
 Ensorcelled Hibernation  Hex/Ice        4%         N/A       34%         2
 Poisonous Vapours        Pois/Air       4%         N/A       34%         2
 Sublimation of Blood     Necr           2%         N/A       34%         2
 Mephitic Cloud           Conj/Pois/Air  2%         N/A       56%         3
 Summon Forest            Summ/Tloc      10%        N/A       85%         5
 Ice Form                 Ice/Tmut       2%         N/A       93%         4
 Leda's Liquefaction      Hex/Erth       1%         N/A       93%         4
 Petrify                  Tmut/Erth      2%         N/A       93%         4
 Summon Ice Beast         Ice/Summ       2%         N/A       93%         4
 Alistair's Intoxication  Tmut/Pois      1%         N/A       100%        5
 Irradiate                Conj/Tmut      1%         3d12      100%        5
 Summon Mana Viper        Hex/Summ       2%         N/A       100%        5
 Eringya's Noxious Bog    Tmut/Pois      1%         N/A       100%        6
 Monstrous Menagerie      Summ           1%         N/A       100%        7
 Summon Hydra             Summ           1%         N/A       100%        7
 Lehudib's Crystal Spear  Conj/Erth      1%         10d2      100%        8


Dungeon Overview and Level Annotations

Branches:
Dungeon (11/15)            Temple (1/1) D:5            Lair (0/5) D:11
    Orc (0/2) D:10

Altars:
Ashenzari
Cheibriados
Elyvilon
Kikubaaqudgha
Makhleb
Okawaru
Ru
Uskayaw
Vehumet
Xom
Yredelemnul

Shops:
D:3 ?   D:7 ?

Portals:
Trove: D:10 (give +5 demon whip)

Annotations:
D:5 3 runed translucent doors, pokeman's ghost, novice DEHW
D:6 2 transporters, Starbright's ghost, amateur FeCK
D:9 1 runed translucent door, rz's ghost, novice OgCA


Innate Abilities, Weirdness & Mutations

You cannot wear most types of armour.
You are amphibious.
You can wear up to eight rings at the same time.
Your skin changes colour to match your surroundings (Stealth+).
Your rubbery body absorbs attacks. (AC +1, EV +1)
((You are camouflaged when in or above water. (Stealth+)))
You have tentacles for arms and can constrict up to eight enemies at once.


Message History

Unknown command.
The air fills with toxic fumes!
As you read the scroll of poison, it crumbles to dust.
The yak gores you but does no damage. The yak gores you! The yak gores you.
You completely miss the yak.
You feel stable enough to blink again. You block the yak's attack.
The yak barely misses you.
The yak is engulfed in poison gas.
The yak is poisoned.
The yak closely misses you.
The yak is engulfed in poison gas.
The yak is poisoned.
The yak closely misses you. x2
Okay, then.
Okay, then.
Unknown command.
As you read the scroll of teleportation, it crumbles to dust.
You feel strangely unstable. The yak gores you! You block the yak's attack.
The yak is engulfed in poison gas.
The yak looks even sicker.
You block the yak's attack.
The yak is engulfed in poison gas.
The yak looks even sicker.
You block the yak's attack. The yak misses you.
You barely miss the yak. The yak misses you.
The yak is engulfed in poison gas.
The yak looks even sicker.
You block the yak's attack.
The yak is engulfed in poison gas.
The yak looks even sicker.
The yak misses you. The yak barely misses you. The yak gores you!
You bludgeon the yak! You tentacle-slap the yak! Your squeeze misses the yak.
The yak is heavily wounded.
You block the yak's attack.
The yak is engulfed in poison gas.
The yak looks as sick as possible!
The yak misses you. You block the yak's attack.
The yak is engulfed in poison gas.
The yak looks as sick as possible!
The yak gores you!
* * * LOW HITPOINT WARNING * * *
The yak gores you.
* * * LOW HITPOINT WARNING * * *
You bludgeon the yak! You squeeze the yak, but do no damage.
The yak is almost dead.
The yak is engulfed in poison gas.
The yak looks as sick as possible!
You block the yak's attack. x2; The yak is engulfed in poison gas.
The yak looks as sick as possible!
You kill the yak!
Cheibriados thoroughly appreciates the change of pace.
You block the yak's attack. The yak gores you!
You die...

#.....### ##..
.§§##§#§.§# §
#...#
.§§##§§§#§# §##
#.#..
.§§§##§§§§# §§§§
#....
.§§§c§§†§§##§§§§
#....
.§☼§§§§§§§§§§§§§
.....
.§§§§§§§.§§§§§§☼
.....
.§§§§§§YYY§§§§§§
y#...
.§§§§§.Y@§§§§§§§
.####
.§§§§§§☼§§§☼§§§§
.....
.§§§§§§#§§§§§#§§
.....
.##§§§§§☼§§§☼§§§
##### §§§§§
§§§§§☼§§§
..#....
##§§§§§☼§§§§#§#
....... #§#
☼§§§☼§§§ #
..#.### §§
§§§§§§§§## # #


You could see 4 yaks and a centaur.

Vanquished Creatures
  A boulder beetle (D:11)
  3 two-headed ogres
  2 cyclopes (D:11)
  Maurice (D:9)
  2 gargoyles (D:11)
  3 kobold demonologists
  A komodo dragon (D:10)
  An efreet (D:11)
  3 trolls
  A queen bee (D:11)
  2 hornets (D:9)
  A shadow (D:11)
  A wraith (D:9)
  Eustachio (D:6)
  A wyvern (D:10)
  11 yaks
  2 steam dragons
  3 water moccasins
  An acid dragon (D:11)
  2 sky beasts (D:6)
  7 orc warriors
  Duvessa (D:6)
  An ice beast (D:6)
  5 ogres
  3 centaurs
  A phantom (D:5)
  8 kobold brigands
  2 bullfrogs (D:8)
  6 gnoll sergeants (D:10)
  4 scorpions
  Dowan (D:6)
  16 wights
  30 killer bees
  3 electric eels
  6 howler monkeys
  4 hounds
  4 orc priests
  2 jellies
  A sleepcap (D:7)
  6 iguanas
  10 orc wizards
  2 centaur simulacra (D:8)
  8 gnolls
  11 adders
  A shadow imp (D:5)
  5 white imps (D:8)
  5 ufetubi
  A worm (D:3)
  26 orcs
  9 endoplasms
  8 giant cockroaches
  6 goblins
  8 hobgoblins
  5 jackals
  7 quokkas
  2 ball pythons
  10 bats
  A frilled lizard (D:1)
  16 kobolds
  4 rats
299 creatures vanquished.

Vanquished Creatures (collateral kills)
  A wight (D:9)
  A killer bee (D:11)
  A gnoll bouda (D:6)
  2 gnolls (D:6)
  2 orcs (D:7)
  A kobold (D:7)
8 creatures vanquished.

Vanquished Creatures (others)
  An orc warrior (D:7)
  A wight (D:9)
2 creatures vanquished.

Grand Total: 309 creatures vanquished

Notes
Turn   | Place    | Note
-------+----------+-------------------------------------------
     0 | D:1      | frimble the Octopode Warper began the quest for the Orb.
     0 | D:1      | Reached XP level 1. HP: 14/14 MP: 3/3
   163 | D:1      | Reached XP level 2. HP: 5/19 MP: 5/5
   169 | D:1      | Learned a level 2 spell: Blink
   490 | D:1      | Found a faded altar of an unknown god.
   498 | D:1      | Reached XP level 3. HP: 24/24 MP: 6/6
  1116 | D:2      | Found a shimmering altar of Xom.
  1226 | D:2      | You fall into a shaft and drop 1 floor!
  1241 | D:3      | Reached skill level 3 in Unarmed Combat
  1371 | D:4      | Reached XP level 4. HP: 10/29 MP: 7/7
  1538 | D:4      | Reached skill level 4 in Unarmed Combat
  1564 | D:4      | Reached XP level 5. HP: 19/34 MP: 8/8
  1941 | D:3      | Reached skill level 5 in Unarmed Combat
  2065 | D:3      | Identified the +5 long sword of the Absolute Madman {heavy,
                  | Dex+4}
  2234 | D:3      | Found Apauc's Magic Scroll Shoppe.
  2239 | D:3      | Bought a scroll of teleportation for 33 gold pieces
  2239 | D:3      | Bought a scroll of teleportation for 33 gold pieces
  2239 | D:3      | Bought a scroll of teleportation for 33 gold pieces
  2273 | D:3      | Reached XP level 6. HP: 36/39 MP: 9/9
  3294 | D:4      | Reached skill level 6 in Unarmed Combat
  3458 | D:5      | Entered Level 5 of the Dungeon
  3485 | D:5      | Reached skill level 1 in Evocations
  3607 | D:5      | Reached XP level 7. HP: 46/46 MP: 10/10
  4025 | D:5      | Found a staircase to the Ecumenical Temple.
  4129 | Temple   | Entered the Ecumenical Temple
  4162 | Temple   | Became a worshipper of Cheibriados the Contemplative
  4226 | D:5      | Noticed pokeman's ghost (novice DEHW)
  4226 | D:5      | Identified the +0 chain mail of Harugho {Drain Int+3 Slay+6
                  | SInv}
  4228 | D:5      | Found a runed translucent gate.
  4228 | D:5      | Found a runed translucent gate.
  4228 | D:5      | Found a runed translucent gate.
  4727 | D:6      | Reached skill level 5 in Fighting
  4727 | D:6      | Reached XP level 8. HP: 33/55 MP: 11/11
  5063 | D:6      | Got the Spellbook of Heavy Transfiguration
  5134 | D:6      | Reached skill level 5 in Evocations
  5217 | D:6      | Noticed Starbright's ghost (amateur FeCK)
  5218 | D:6      | Found a transporter.
  5218 | D:6      | Identified the +7 great mace "Punailu" {chaos, rElec rC+
                  | Will- Stlth+}
  5218 | D:6      | Noticed a two-headed ogre
  5223 | D:6      | Found a transporter.
  5231 | D:6      | Noticed Dowan
  5232 | D:6      | Noticed Duvessa
  5242 | D:6      | Killed Duvessa
  5247 | D:6      | Killed Dowan
  5283 | D:6      | Reached * piety under Cheibriados
  5293 | D:6      | Noticed Eustachio
  5296 | D:6      | Killed Eustachio
  5516 | D:6      | Got the Tractate on Impure Frost
  5671 | D:7      | Reached skill level 5 in Dodging
  5671 | D:7      | Reached XP level 9. HP: 54/64 MP: 12/12
  6131 | D:7      | Found Gialy's Magic Scroll Emporium.
  6649 | D:7      | Reached ** piety under Cheibriados
  7258 | D:9      | Noticed a two-headed ogre
  7261 | D:9      | Noticed a hornet
  7285 | D:9      | Reached XP level 10. HP: 5/74 MP: 8/13
  7767 | D:7      | Reached skill level 7 in Unarmed Combat
  8125 | D:8      | Reached skill level 8 in Unarmed Combat
  8127 | D:8      | Reached *** piety under Cheibriados
  8927 | D:9      | Noticed a kobold demonologist
  8934 | D:9      | Noticed a kobold demonologist
  8936 | D:9      | Reached skill level 9 in Unarmed Combat
  8940 | D:9      | Killed a kobold demonologist
  8943 | D:9      | Killed a kobold demonologist
  9129 | D:9      | Found a runed translucent door.
  9129 | D:9      | Noticed rz's ghost (novice OgCA)
  9164 | D:9      | Reached skill level 10 in Unarmed Combat
  9288 | D:9      | Killed a two-headed ogre
  9293 | D:9      | Reached **** piety under Cheibriados
  9442 | D:9      | Reached skill level 11 in Unarmed Combat
  9442 | D:9      | Reached XP level 11. HP: 53/80 MP: 9/14
  9602 | D:9      | Found a broken altar of Ashenzari.
  9604 | D:9      | Found an ancient bone altar of Kikubaaqudgha.
  9728 | D:9      | Reached skill level 1 in Stealth
  9816 | D:9      | Noticed Maurice
  9827 | D:9      | Killed Maurice
  9981 | D:9      | Reached skill level 5 in Stealth
 10240 | D:9      | Found a radiant altar of Vehumet.
 10241 | D:9      | Found a white marble altar of Elyvilon.
 10302 | D:10     | Entered Level 10 of the Dungeon
 10304 | D:10     | Found a portal to a secret trove of treasure.
 10412 | D:10     | Reached skill level 1 in Invocations
 10545 | D:10     | Found a staircase to the Orcish Mines.
 11014 | D:10     | Noticed a two-headed ogre
 11032 | D:10     | Killed a two-headed ogre
 11033 | D:10     | Reached skill level 1 in Shields
 11147 | D:10     | Reached ***** piety under Cheibriados
 11570 | D:11     | Found a staircase to the Lair.
 11644 | D:11     | Reached skill level 5 in Translocations
 11881 | D:11     | Noticed a boulder beetle
 11884 | D:11     | Noticed a two-headed ogre
 11896 | D:11     | Killed a two-headed ogre
 11908 | D:11     | Killed a boulder beetle
 11957 | D:11     | Noticed a cyclops
 11969 | D:11     | Killed a cyclops
 12236 | D:11     | Reached skill level 5 in Invocations
 12247 | D:11     | Reached XP level 12. HP: 84/85 MP: 15/15
 12587 | D:11     | Reached skill level 5 in Shields
 13122 | D:11     | Slain by a yak

Illustrated notes

Levels and vault maps discovered:
D:1:      scummos_arrival_simple_fountains, layout_basic,
          hellmonk_ecumenical_altar_heavens_door,
          nicolae_concentric_dashed_squares_mild, minmay_misc_feat_secret_circle
D:2:      layout_basic, basic_altar
D:3:      layout_rooms, serial_shops, shop, chequers_decorated_corner
D:4:      layout_loops_ring, minmay_tree_intersection
D:5:      layout_loops_ring, minmay_temple_entry_statues_pillars,
          biasface_ghost_orc_armoury, minmay_manual_mess
D:6:      layout_rooms, gammafunk_ghost_smash, uniq_duvessa, uniq_eustachio
D:7:      layout_loops_ring, serial_shops, shop_scrolls
D:8:      layout_basic, serial_ice, serial_ice_k, serial_ice_f, serial_ice_m,
          serial_ice_h, serial_ice_b, serial_ice_g, serial_ice_c, serial_ice_e
D:9:      layout_loops_ring, nicolae_overflow_hidden_temple,
          gammafunk_ghost_grave, nicolae_water_bricks,
          amcnicky_mini_rare_corridor_liquid, nrook_mini_backslash,
          minmay_circle_x, uniq_maurice
D:10:     layout_grid_maze, kennysheep_orc_monster_closet_entryway,
          nicolae_trove_entry_isolated
D:11:     regret_index_tunnel_blossom, layout_basic, minmay_misc_feat_square
Temple:   hc_temple_tempest_star

Skill      XL: |  1  2  3  4  5  6  7  8  9 10 11 12 |
---------------+-------------------------------------+-----
Unarmed Combat | 3 4 5 6 11 | 11.1
Evocations     | 1 4 5 |  5.1
Fighting       | 3 5 7 9 |  9.0
Dodging        | 5 7 |  7.3
Stealth        | 7 |  7.0
Invocations    | 5 6 |  6.1
Translocations | 5 6 |  6.7
Shields        | 4 5 |  5.3
Throwing       | |  1.4
Spellcasting   | |  2.2

Action                     |  1- 3 |  4- 6 |  7- 9 | 10-12 || total
---------------------------+-------+-------+-------+-------++-------
  Melee: Unarmed           |    86 |   118 |   238 |   307 ||   749
         Tentacles         |    18 |    23 |    61 |    74 ||   176
         Constrict         |    17 |    26 |    46 |    52 ||   141
         Punch             |     4 |     3 |    21 |    29 ||    57
  Throw: Boomerang         |       |     4 |    26 |   111 ||   141
         Dart              |       |     4 |     3 |       ||     7
   Cast: Blink             |       |     1 |     9 |    18 ||    28
 Invoke: Slouch            |       |       |       |     6 ||     6
  Evoke: Wand              |       |       |    21 |    30 ||    51
    Use: Scroll            |     4 |     3 |     7 |     8 ||    22
         Potion            |       |       |     1 |     5 ||     6
   Stab: Sleeping          |     7 |    10 |     2 |     2 ||    21
         Distracted        |       |       |       |     3 ||     3
 Armour: Skin              |     8 |     7 |     8 |     9 ||    32
  Dodge: Dodged            |    49 |    67 |   127 |   170 ||   413
  Block: Other             |       |       |    22 |    39 ||    61
         Reflection        |       |       |     1 |     9 ||    10
         Kite shield       |       |       |       |   130 ||   130

Table legend: (Time is in decaauts)
 A = Elapsed time spent in this place.
 B = Non-inter-level travel time spent in this place.
 C = Inter-level travel time spent in this place.
 D = Time resting spent in this place.
 E = Time spent auto-exploring this place.
 F = Levels seen in this place.
 G = Mean time per level.
                   A        B        C        D        E       F      G
               +--------+--------+--------+--------+--------+-----+--------+
         Total |  15428 |  14788 |    640 |    377 |  11908 |  12 | 1285.7 |
       Dungeon |  15375 |  14762 |    613 |    377 |  11887 |  11 | 1397.7 |
        Temple |     53 |     26 |     27 |      0 |     21 |   1 |   53.0 |
               +--------+--------+--------+--------+--------+-----+--------+

Top non-repeatable levels by time:
     D:9: 2285 daAuts
    D:11: 1883 daAuts
    D:10: 1789 daAuts
     D:8: 1681 daAuts
     D:7: 1613 daAuts
     D:6: 1360 daAuts
     D:5: 1317 daAuts
     D:4: 1043 daAuts
     D:1: 976 daAuts
     D:3: 737 daAuts
     D:2: 686 daAuts
  Temple: 53 daAuts
